 Dungeon Crawl Stone Soup version 0.17-a0-82-g3e33fa6 (webtiles) character file.

18266 BluebellGnoll the Unseen (level 12, -3/51 HPs)
             Began as a Spriggan Enchanter on Mar 16, 2015.
             Was a High Priest of Vehumet.
             Slain by a raven (12 damage)
             ... led by a tengu conjurer
             ... on level 13 of the Dungeon.
             The game lasted 01:22:46 (14859 turns).

BluebellGnoll the Unseen (Spriggan Enchanter)      Turns: 14859, Time: 01:22:47

Health: -3/51      AC:  2    Str:  4    XL:     12   Next: 26%
Magic:  32/43      EV: 26    Int: 20    God:    Vehumet [*****.]
Gold:   851        SH:  0    Dex: 18    Spells: 8 memorised, 11 levels left

rFire  . . .     SeeInvis +     B - +2 short sword (flame)
rCold  . . .     Clarity  .     w - +0 robe (curse)
rNeg   . . .     SustAb   .     (shield restricted)
rPois  .         Gourm    .     (helmet restricted)
rElec  .         Spirit   .     (no cloak)
rCorr  .         Warding  .     (gloves unavailable)
rMut   .         Rnd*Tele +     (boots unavailable)
MR     ++...                    (no amulet)
Stlth  ++++++++..               M - ring of magical power
                                g - ring of teleportation (curse)

@: very quick, very resistant to hostile enchantments, extraordinarily stealthy
A: unfitting armour, see invisible, herbivore 3, speed 3, slow metabolism 2
a: Renounce Religion, Evoke Teleportation


You were on level 13 of the Dungeon.
You worshipped Vehumet.
Vehumet was extremely pleased with you.
You were completely stuffed.

You visited 3 branches of the dungeon, and saw 16 of its levels.
You also visited: Ossuary.

You collected 851 gold pieces.

Inventory:

Hand weapons
 c - a +0 short sword of freezing
 p - a +2 dagger of holy wrath
 B - a +2 short sword of flaming (weapon)
 H - a +0 blowgun
Missiles
 a - 12 curare-tipped needles
 h - 41 stones (quivered)
 j - 112 poisoned needles
Armour
 b - a +2 robe
 w - a cursed +0 robe (worn)
Jewellery
 g - a cursed ring of teleportation (left hand)
 r - an uncursed ring of sustain abilities {unknown}
 x - a cursed ring of loudness {unknown}
 y - the cursed amulet "Naexuopint" {Ward rElec rN+ Str-4 Int+4 Stlth+}
   (You found it on level 7 of the Dungeon)

   [amulet of warding]

   It may prevent the melee attacks of summoned creatures.
   It affects your strength (-4).
   It affects your intelligence (+4).
   It insulates you from electricity.
   It protects you from negative energy.
   It makes you more stealthy.
   It has a curse placed upon it.
 M - a ring of magical power (right hand)
 S - a +3 ring of intelligence
 V - an uncursed ring of protection from fire {unknown}
 X - a +5 ring of strength {unknown}
Magical devices
 i - a wand of flame (30)
 E - a wand of digging (7)
 F - a wand of invisibility (4)
 O - a wand of fire (2)
 P - a wand of polymorph (9)
Scrolls
 f - 2 scrolls of fog
 n - 2 scrolls of identify
 o - 4 scrolls of teleportation
 t - a scroll of fear
 T - a scroll of immolation
 W - a scroll of blinking
Potions
 e - 16 potions of curing
 k - 2 potions of brilliance
 l - 4 potions of resistance
 m - 3 potions of agility
 q - 2 potions of berserk rage
 s - 2 potions of cancellation
 u - 3 potions of might
 v - 2 potions of ambrosia {unknown}
 z - 2 potions of heal wounds
 J - a potion of mutation {unknown}
 L - a potion of haste
 Z - a potion of magic {unknown}
Books
 U - a book of Hinderance

   Spells                             Type                      Level
   a - Confusing Touch                Hexes                        2
   b - Confuse                        Hexes                        3
   c - Petrify                        Transmutation/Earth          4
   d - Metabolic Englaciation         Hexes/Ice                    5
   e - Gell's Gravitas                Hexes/Translocation          5
   f - Summon Mana Viper              Hexes/Summoning              5
Comestibles
 d - 11 bread rations
 A - a royal jelly
 R - a fruit


   Skills:
 - Level 5.0 Short Blades
 - Level 9.8 Dodging
 - Level 17.2 Stealth
 - Level 11.6 Spellcasting
 + Level 11.4 Hexes
 - Level 2.6 Air Magic
 - Level 4.7 Earth Magic
 - Level 1.5 Poison Magic


You had 11 spell levels left.
You knew the following spells:

 Your Spells              Type           Power        Failure   Level  Hunger
a - Corona                Hex            ######.      1%          1    None
b - Ensorcelled Hibernat  Hex/Ice        ####..       1%          2    None
c - Confuse               Hex            ######..     1%          3    None
d - Sure Blade            Hex/Chrm       ####......   1%          2    None
e - Dazzling Spray        Conj/Hex       ####....     1%          3    None
f - Enslavement           Hex            ######..     1%          4    #......
g - Mephitic Cloud        Conj/Pois/Air  ###.....     3%          3    None
h - Lee's Rapid Deconstr  Erth           ####......   7%          5    ####...


Dungeon Overview and Level Annotations

Branches:
Dungeon (13/15)            Temple (1/1) D:7            Lair (2/8) D:10
    Orc (0/4) D:11
 Vaults: D:13-14

Altars:
Cheibriados
Dithmenos
Elyvilon
Fedhas
Gozag
Kikubaaqudgha
Nemelex Xobeh
Okawaru
Qazlal
Sif Muna
Trog
Vehumet
Yredelemnul
The Shining One

Shops:
D:8 !

Portals:
Trove: D:10 (give +4 demon whip)

Annotations:
D:9 fly
D:13 2 runed doors


Innate Abilities, Weirdness & Mutations

You are tiny and cannot use many weapons and most armour.
You have supernaturally acute eyesight.
You are a herbivore.
You cover ground extremely quickly.
You need consume almost no food.


Message History

Casting: Dazzling Spray
Confirm with . or Enter, or press ? or * to list all spells.
Aiming: Dazzling Spray
Press: ? - help, Shift-Dir - straight line, f - raven
Aim: a raven The spray of energy hits the raven.
The raven is moderately wounded.
The spray of energy hits the raven.
The raven is almost dead.
The spray of energy hits the raven.
The raven is moderately wounded.
The raven pecks you. The raven claws you!
The raven is engulfed in noxious fumes.
The raven appears confused.
The raven completely misses you. The raven claws you.
The tengu conjurer hits the raven.
The tengu conjurer pecks the raven.
The tengu conjurer claws the raven.
The raven completely misses you. The raven claws you!
* * * LOW HITPOINT WARNING * * *
The raven pecks you!
You die...

..... ...........
.............
+.............#
##...[.........#
...............#
...............#
.....QFb.bb.....#
.......§..@.....#
.....§.§....#+###
..........Z+
...........#
...........#
..........+
.........#
........# .....


You could see 3 ravens, a tengu conjurer (confused), a giant frog and a centaur
zombie (confused).

Vanquished Creatures
  2 unseen horrors (D:11)
  Pikel (D:7)
  2 hill giants (D:10)
  2 ugly things
  3 spiny frogs
  5 komodo dragons
  A troll (D:11)
  Sonja (D:11)
  8 slime creatures (D:12)
  2 two-headed ogres
  A raven (D:12)
  A basilisk (Lair:1)
  A human (D:8)
  A deep elf mage (D:10)
  Eustachio (D:6)
  A hog (D:8)
  3 hungry ghosts
  7 yaks
  3 hippogriffs
  Menkaure (D:6)
  5 wolves
  2 mottled dragons (D:11)
  4 ice beasts
  2 porcupines
  8 orc warriors
  2 water moccasins
  A wasp (D:7)
  4 slaves (D:7)
  2 phantoms
  A centaur (D:5)
  3 crocodiles
  4 sky beasts
  An eye of draining (D:11)
  An elf zombie (Ossuary)
  2 ogres
  8 giant frogs
  Blork the orc (D:8)
  5 big kobolds
  An electric eel (Lair:2)
  5 scorpions
  5 killer bees (D:9)
  A goliath beetle (D:7)
  2 vampire bats (D:5)
  2 lava snakes (D:9)
  6 wights
  5 centaur zombies
  2 giant frog zombies
  A human zombie (Ossuary)
  2 gnoll shamans
  7 crimson imps
  2 centaur skeletons
  A quasit (D:11)
  3 hounds
  5 orc priests
  A giant frog skeleton (D:5)
  A jelly (D:9)
  2 iguanas
  5 orc wizards
  9 worker ants
  3 sheep (D:8)
  A hound skeleton (D:11)
  Terence (D:2)
  3 mummies
  A worker ant zombie (D:7)
  15 adders
  19 gnolls
  3 giant mites
  A shadow imp (D:7)
  4 worms
  2 adder zombies
  An adder skeleton (D:7)
  The ghost of Rotinaj the Conjurer, a weakling HuCj of Sif Muna (D:3)
  5 giant geckos
  2 oozes
  68 orcs
  6 bat skeletons
  2 bat zombies (D:5)
  4 giant cockroaches
  14 goblins
  15 hobgoblins
  9 jackals
  5 quokkas
  A ball python (D:1)
  A ball python skeleton (D:4)
  13 bats
  2 giant gecko skeletons
  5 giant newts
  A giant spore (D:12)
  A goblin zombie (Ossuary)
  11 hobgoblin zombies (Ossuary)
  2 jackal zombies (Ossuary)
  41 kobolds
  8 kobold zombies (Ossuary)
  9 orc zombies (Ossuary)
  22 rats
  A ballistomycete (D:12)
474 creatures vanquished.

Notes
Turn   | Place    | Note
--------------------------------------------------------------
     0 | D:1      | BluebellGnoll, the Spriggan Enchanter, began the quest for the Orb.
     0 | D:1      | Reached XP level 1. HP: 9/9 MP: 4/4
    66 | D:1      | Reached skill level 5 in Stealth
   448 | D:1      | Reached XP level 2. HP: 13/13 MP: 3/7
   452 | D:1      | Learned a level 2 spell: Ensorcelled Hibernation
   714 | D:1      | Reached skill level 6 in Stealth
   949 | D:2      | Noticed Terence
   953 | D:2      | Killed Terence
   953 | D:2      | Reached XP level 3. HP: 16/16 MP: 9/9
   959 | D:2      | Learned a level 3 spell: Confuse
  1120 | D:2      | Reached skill level 7 in Stealth
  1252 | D:2      | Reached XP level 4. HP: 19/21 MP: 6/12
  1256 | D:2      | Learned a level 2 spell: Sure Blade
  1706 | D:3      | Noticed Rotinaj's ghost (weakling HuCj)
  1771 | D:3      | Reached skill level 8 in Stealth
  1885 | D:3      | Found a blossoming altar of Fedhas.
  1984 | D:3      | Found a shadowy altar of Dithmenos.
  1984 | D:3      | Found a stormy altar of Qazlal.
  2064 | D:3      | Found an iron altar of Okawaru.
  2127 | D:3      | Reached XP level 5. HP: 11/24 MP: 11/14
  2653 | D:3      | Killed Rotinaj's ghost
  2744 | D:4      | Reached skill level 5 in Dodging
  2756 | D:4      | Reached XP level 6. HP: 22/28 MP: 6/17
  3418 | D:4      | Reached skill level 9 in Stealth
  3603 | D:5      | Entered Level 5 of the Dungeon
  3731 | D:5      | Found a sand-covered staircase.
  3745 | Ossuary  | Entered an ossuary
  3758 | Ossuary  | Reached skill level 10 in Stealth
  3996 | Ossuary  | Reached XP level 7. HP: 32/32 MP: 17/19
  4118 | Ossuary  | Reached skill level 11 in Stealth
  4297 | D:5      | Found an ancient bone altar of Kikubaaqudgha.
  4309 | D:5      | Reached skill level 12 in Stealth
  4313 | D:5      | Found a basalt altar of Yredelemnul.
  4425 | D:5      | Found a radiant altar of Vehumet.
  4429 | D:5      | Became a worshipper of Vehumet
  4564 | D:5      | Reached XP level 8. HP: 24/36 MP: 14/20
  4568 | D:5      | Reached skill level 13 in Stealth
  5172 | D:6      | Learned a level 3 spell: Dazzling Spray
  5296 | D:6      | Noticed Menkaure
  5306 | D:6      | Killed Menkaure
  5428 | D:6      | Noticed Eustachio
  5433 | D:6      | Killed Eustachio
  5433 | D:6      | Reached skill level 5 in Hexes
  5481 | D:6      | Acquired Vehumet's first power
  5481 | D:6      | Offered knowledge of Flame Tongue by Vehumet.
  5970 | D:6      | Reached skill level 5 in Spellcasting
  6161 | D:6      | Found a glowing golden altar of the Shining One.
  6511 | D:7      | Noticed Pikel
  6637 | D:7      | Found a staircase to the Ecumenical Temple.
  6640 | D:7      | Offered knowledge of Magic Dart by Vehumet.
  6648 | D:7      | Reached XP level 9. HP: 39/39 MP: 16/27
  6675 | Temple   | Entered the Ecumenical Temple
  7148 | D:7      | Killed Pikel
  7156 | D:7      | Learned a level 4 spell: Enslavement
  7341 | D:7      | Got a sparkling jade amulet
  7342 | D:7      | Lost strength.
  7342 | D:7      | Identified the amulet "Naexuopint" {Ward rElec rN+ Str-4 Int+4 Stlth+} (You found it on level 7 of the Dungeon)
  7735 | D:8      | Reached skill level 5 in Short Blades
  7813 | D:8      | Offered knowledge of Mephitic Cloud by Vehumet.
  7820 | D:8      | Learned a level 3 spell: Mephitic Cloud
  7947 | D:8      | Reached skill level 1 in Poison Magic
  8055 | D:8      | Found Thor Rarch's Distillery.
  8092 | D:8      | Reached skill level 1 in Air Magic
  8092 | D:8      | Reached XP level 10. HP: 44/44 MP: 28/30
  8112 | D:8      | Acquired Vehumet's second power
  8168 | D:8      | Noticed Blork the orc
  8182 | D:8      | Killed Blork the orc
  8750 | D:9      | Offered knowledge of Static Discharge by Vehumet.
  8750 | D:9      | Reached skill level 14 in Stealth
  8958 | D:9      | Acquired Vehumet's third power
  9342 | D:9      | Offered knowledge of Fulminant Prism by Vehumet.
  9510 | D:10     | Entered Level 10 of the Dungeon
  9535 | D:10     | Found a portal to a secret trove of treasure.
  9583 | D:10     | Noticed a hill giant
  9594 | D:10     | Killed a hill giant
  9594 | D:10     | Reached skill level 15 in Stealth
  9647 | D:10     | Noticed a hill giant
  9653 | D:10     | Killed a hill giant
  9730 | D:10     | Reached skill level 16 in Stealth
  9787 | D:10     | Found a staircase to the Lair.
 10249 | D:11     | Found a staircase to the Orcish Mines.
 10389 | D:11     | Reached XP level 11. HP: 47/47 MP: 31/31
 10395 | D:11     | Noticed Sonja
 10400 | D:11     | Killed Sonja
 10437 | D:11     | Noticed a cyan ugly thing
 10458 | D:11     | Killed a cyan ugly thing
 10458 | D:11     | Offered knowledge of Lee's Rapid Deconstruction by Vehumet.
 10458 | D:11     | Reached skill level 17 in Stealth
 10477 | D:11     | Learned a level 5 spell: Lee's Rapid Deconstruction
 10615 | D:11     | Noticed an unseen horror
 10615 | D:11     | Killed an unseen horror
 10615 | D:11     | Reached skill level 1 in Earth Magic
 10879 | D:11     | Noticed an unseen horror
 10885 | D:11     | Killed an unseen horror
 11265 | Lair:1   | Entered Level 1 of the Lair of Beasts
 11309 | Lair:1   | Reached skill level 10 in Spellcasting
 13494 | D:12     | Reached XP level 12. HP: 37/51 MP: 33/34
 13616 | D:12     | Reached skill level 10 in Hexes
 14686 | D:13     | Found a large runed door.
 14686 | D:13     | Found a large runed door.
 14859 | D:13     | Slain by a raven

Action                   |  1- 3 |  4- 6 |  7- 9 | 10-12 || total
-------------------------+-------+-------+-------+-------++-------
Melee: Dagger            |    69 |   137 |   288 |    51 ||   545
       Short sword       |       |       |       |   260 ||   260
Throw: Stone             |       |       |       |     1 ||     1
 Cast: Corona            |    24 |    32 |    20 |     7 ||    83
       Ensorcelled Hiber |     3 |    29 |    64 |    74 ||   170
       Confuse           |       |    13 |    38 |    63 ||   114
       Sure Blade        |       |     1 |       |     1 ||     2
       Dazzling Spray    |       |       |     3 |    29 ||    32
       Mephitic Cloud    |       |       |       |     4 ||     4
Evoke: Wand              |       |       |     1 |     1 ||     2
  Use: Scroll            |       |    11 |     9 |     8 ||    28
       Potion            |       |       |       |     1 ||     1
 Stab: Sleeping          |    12 |    49 |    77 |    89 ||   227
       Confused          |       |     4 |    12 |    30 ||    46
       Distracted        |       |       |     3 |       ||     3
       Invisible         |       |       |       |    10 ||    10
  Eat: Bread ration      |       |     1 |     1 |       ||     2
       Pizza             |       |       |       |     7 ||     7
       Fruit             |       |       |       |     3 ||     3
